 Dungeon Crawl Stone Soup version 0.19-a0-1065-gdac414d (webtiles) character file.

518 qqqbard the Sneak (level 7, -1/35 HPs)
             Began as a Vine Stalker Gladiator on Aug 3, 2016.
             Slain by a gnoll
             ... wielding a cursed -2 halberd
              (2 damage)
             ... on level 4 of the Dungeon.
             The game lasted 00:07:04 (3053 turns).

qqqbard the Sneak (Vine Stalker Gladiator)          Turns: 3053, Time: 00:07:05

Health: -1/35      AC:  7    Str: 14 (17) XL:     7   Next: 21%
Magic:  0/8        EV: 14    Int:  6 (8)  God:
Gold:   306        SH:  0    Dex: 16 (17) Spells: 0 memorised, 6 levels left

rFire  . . .     SeeInvis .     a - +0 quarterstaff
rCold  . . .     Gourm    .     b - +0 leather armour
rNeg   . . .     Faith    .     (shield currently unavailable)
rPois  .         Spirit   +     c - +0 helmet
rElec  .         Dismiss  .     j - +0 cloak
rCorr  .         Reflect  .     g - +0 pair of gloves
SustAt .         Harm     .     r - +0 pair of boots
MR     .....                    (no amulet)
Stlth  +++.......               (no ring)
                                (no ring)

@: starving
A: fangs 2, regeneration 2, magic shield, antimagic bite, no device heal 3, rot
immunity
a: no special abilities


You were on level 4 of the Dungeon.
You were starving.

You visited 1 branch of the dungeon, and saw 4 of its levels.
You also visited: Sewer.

You collected 306 gold pieces.

Inventory:

Hand Weapons
 a - a +0 quarterstaff (weapon)
Missiles
 d - 3 throwing nets (quivered)
 s - 137 stones
Armour
 b - a +0 leather armour (worn)
 c - a +0 helmet (worn)
 g - a +0 pair of gloves (worn)
 j - a +0 cloak (worn)
 r - a +0 pair of boots (worn)
Wands
 v - a wand of heal wounds (2/9)
Scrolls
 e - a scroll of summoning {unknown}
 h - 5 scrolls of identify
 m - a scroll of recharging {unknown}
 n - a scroll of remove curse
Potions
 i - a potion of cancellation
 k - a potion of agility
 q - 2 potions of might
Comestibles
 f - a bread ration
 l - a slice of pizza
 u - a meat ration


   Skills:
 + Level 2.8 Fighting
 * Level 4.2 Staves
 - Level 1.7 Throwing
 + Level 1.7 Armour
 * Level 4.2 Dodging
 * Level 4.2 Stealth


You had 6 spell levels left.
You didn't know any spells.

Dungeon Overview and Level Annotations

Branches:
Dungeon (4/15)
 Temple: D:4-7

Altars:


Innate Abilities, Weirdness & Mutations

You have extremely sharp teeth.
You heal very quickly.
When hurt, damage is shared between your health and your magic reserves.
Your bite disrupts and absorbs the magic of your enemies.
Potions and wands cannot restore your health.
You are immune to rotting.


Message History

* * * LOW HITPOINT WARNING * * *
You feel sick.
* * * LOW HITPOINT WARNING * * *
You feel sick.
It was a potion of berserk rage.
You're too hungry to go berserk.
* * * LOW HITPOINT WARNING * * *
You feel sick.
Unknown command.
It was a potion of degeneration.
There was something very wrong with that liquid.
You feel weakened.
You feel dopey.
You feel clumsy.
* * * LOW HITPOINT WARNING * * *
You feel sick.
The scorpion stings you but does no damage.
Unknown command.
It was a potion of curing.
Your system rejects the healing.
You feel better. The scorpion stings you.
* * * LOW HITPOINT WARNING * * *
The gnoll hits you from afar with a halberd.
You die...

#....... #......#
#....... #......#
#.(...)####.#
#.##.>....##
#gg..##....8 #s##.#
..... #@##.#.##...
#..#.......8
####..........#
#.....###.###########
#.##......##.........
#..######.###.....
#.##..#### #.###.....
#........###......###
########.##.......#


You could see a scorpion and 2 gnolls.

Vanquished Creatures
  Edmund (D:3)
  Purgy (Sewer)
  The ghost of Dertros the Insei, an amateur OpTm (D:3)
  An orc wizard (D:3)
  5 adders
  5 gnolls
  A shadow imp (D:3)
  An ooze (D:2)
  3 worms
  3 dart slugs (D:3)
  7 orcs (D:3)
  10 bats
  3 giant cockroaches
  9 goblins
  6 hobgoblins
  5 jackals
  7 kobolds
  2 quokkas (D:2)
  2 ball pythons (D:3)
  9 giant newts
  6 rats
88 creatures vanquished.

Notes
Turn   | Place    | Note
-------+----------+-------------------------------------------
     0 | D:1      | qqqbard the Vine Stalker Gladiator began the quest for the Orb.
     0 | D:1      | Reached XP level 1. HP: 11/11 MP: 2/2
   388 | D:1      | Reached skill level 1 in Stealth
   388 | D:1      | Reached XP level 2. HP: 15/15 MP: 3/3
   814 | D:2      | Reached XP level 3. HP: 17/18 MP: 4/4
   891 | D:2      | You fall through a shaft for 2 floors!
   948 | D:3      | Noticed Dertros's ghost (amateur OpTm)
   979 | D:3      | Found a glowing drain.
   990 | D:3      | Reached XP level 4. HP: 15/23 MP: 3/5
   997 | Sewer    | Entered a sewer
  1036 | Sewer    | Noticed Purgy
  1053 | Sewer    | Killed Purgy
  1053 | Sewer    | Reached skill level 1 in Armour
  1053 | Sewer    | Reached XP level 5. HP: 18/27 MP: 6/6
  1114 | D:3      | Killed Dertros's ghost
  1114 | D:3      | Gained mutation: You heal very quickly. [Vine Stalker growth]
  1114 | D:3      | Reached XP level 6. HP: 20/32 MP: 7/7
  2569 | D:4      | Noticed Edmund
  2725 | D:3      | Killed Edmund
  2725 | D:3      | Reached XP level 7. HP: 15/35 MP: 4/8
  3052 | D:4      | HP: 1/35 [poisoned by a scorpion]
  3053 | D:4      | Slain by a gnoll

Vault maps used:
D:1:      dpeg_arrival_round_a, minivault_11
D:2:      hex_tiny, kennysheep_generic_room_14
D:3:      portal_sewer_entry_d
D:4:      minitemple, first_bread, minivault_25, dk_noncrumbling_3,
          grunt_decor_mini_mirrors, uniq_edmund
Sewer:    sewer_big_baddie

Skill      XL: |  1  2  3  4  5  6 |
---------------+-------------------+-----
Stealth        | 1 2 3 4 |  4.2
Fighting       | 2 |  2.8
Staves         | 3 4 |  4.2
Dodging        | 3 4 |  4.2
Armour         | 1 |  1.7
Throwing       | |  1.7

Action                   |  1- 3 |  4- 6 |  7- 9 || total
-------------------------+-------+-------+-------++-------
Melee: Quarterstaff      |    81 |   171 |    12 ||   264
       Bite              |    14 |    45 |     6 ||    65
  Use: Scroll            |     5 |       |       ||     5
       Potion            |       |     2 |     3 ||     5
 Stab: Sleeping          |     1 |     5 |       ||     6
  Eat: Chunk             |       |     5 |       ||     5
Armor: Leather armour    |    31 |    50 |     4 ||    85
Dodge: Dodged            |    60 |   116 |    16 ||   192
